 Dungeon Crawl Stone Soup version 0.29-a0-541-gaf1fc19f1b (webtiles) character file.

Game seed: 5834148347346417024

138 Hubjo the Magician (level 5, -9/30 HPs)
             Began as a Deep Elf Fire Elementalist on June 2, 2022.
             Was an Initiate of Dithmenos.
             Mangled by a fire elemental (11 damage)
             ... created by the fiery vengeance of Ignis
             ... on level 6 of the Dungeon.
             The game lasted 00:05:38 (4164 turns).

Hubjo the Magician (Deep Elf Fire Elementalist)     Turns: 4164, Time: 00:05:39

Health: -9/30      AC:  4    Str:  5    XL:     5   Next: 1%
Magic:  11/13      EV: 12    Int: 22    God:    Dithmenos [......]
Gold:   70         SH:  0    Dex: 15    Spells: 6/12 levels left

rFire   . . .      SeeInvis .   m - +1 long sword (distort)
rCold   . . .      Faith    .   (no shield)
rNeg    . . .      Spirit   .   a - +0 robe
rPois   .          Reflect  .   (no helmet)
rElec   .          Harm     .   o - +1 cloak
rCorr   .          Rampage  .   (no gloves)
Will    .....                   (no boots)
Stlth   +++.......              (no amulet)
HPRegen 0.10/turn               (no ring)
MPRegen 0.13/turn               (no ring)

@: about to teleport, invisible, fire susceptible
A: no striking features
a: Renounce Religion


You were on level 6 of the Dungeon.
You worshipped Dithmenos.
Dithmenos was noncommittal.
You visited 1 branch of the dungeon, and saw 4 of its levels.

You collected 70 gold pieces.

Inventory:

Hand Weapons
 m - a +1 long sword of distortion (weapon)
 n - a +2 quarterstaff of chaos
Armour
 a - a +0 robe (worn)
 o - a +1 cloak (worn)
Jewellery
 l - an amulet of regeneration
Scrolls
 d - a scroll of teleportation
 e - 3 scrolls of enchant armour {unknown}
 f - 3 scrolls of identify {unknown}
Potions
 b - a potion of magic
 c - a potion of might {unknown}
 h - a potion of haste {unknown}
 i - a potion of ambrosia {unknown}
 p - a potion of heal wounds {unknown}
 q - a potion of mutation {unknown}


   Skills:
 + Level 2.3 Fighting
 - Level 2.4 Dodging
 + Level 3.7 Stealth
 + Level 4.0 Spellcasting
 - Level 1.1 Conjurations
 - Level 4.0 Fire Magic
 * Level 0.0 Air Magic


You had 6 spell levels left.
You knew the following spells:

 Your Spells              Type           Power      Damage    Failure   Level
a - Foxfire               Conj/Fire      60%        2x1d7     3%          1
b - Lightning Bolt        Conj/Air       3%         1d14      94%         5

Your spell library contained the following spells:

 Spells                   Type           Power      Damage    Failure   Level
 Scorch                   Fire           44%        2d7       3%          2
 Conjure Flame            Conj/Fire      15%        6-21      12%         3
 Static Discharge         Conj/Air       6%         N/A       14%         2
 Inner Flame              Hex/Fire       13%        N/A       14%         3
 Flame Wave               Conj/Fire      15%        2d6       36%         4
 Maxwell's Capacitive Co  Air            2%         ∞         100%        8


Dungeon Overview and Level Annotations

Branches:
Dungeon (3/15)

Altars:
Dithmenos
Ignis

Shops:
D:2 *


Message History

The hound is severely wounded.
The foxfire hits the hound.
The hound is almost dead.
The hound closely misses you.
Casting: Foxfire (safe; 4% risk of failure)
Confirm with . or Enter, or press ? or * to list all spells.
You conjure some foxfire!
The foxfire hits the hound!
You kill the hound!
Dithmenos accepts your kill.
Ignis burns the ground from beneath your feet!
You fall into a shaft and drop 3 floors!
The shaft crumbles and collapses.
Your summoned allies are left behind.
Your Spellcasting skill increases to level 4!
Your Fire Magic skill increases to level 4!
You have reached level 5!
Found a scroll labelled IFENYG FUAMAPE.
Your magical contamination has completely faded away.
Okay, then.
This spell is potentially lethal to cast!
Memorise Lightning Bolt, consuming 5 spell levels and leaving 6?
You start memorising the spell.
You continue memorising. x5
You finish memorising.
Spell assigned to 'b'.
Ignis calls forth spirits of fire to unmake you! 2 fire elementals come into view.
There are monsters nearby!
There are monsters nearby!
As you read the scroll labelled YRUESHR DANES, it crumbles to dust.
The air around you briefly surges with heat, but it dissipates.
It was a scroll of immolation.
This is a scroll of acquirement!
Something appears at your feet! The fire elemental hits you.
The fire elemental burns you!
* * * LOW HITPOINT WARNING * * *
As you read the scroll labelled XAAFER YMNI, it crumbles to dust.
You feel strangely unstable.
It was a scroll of teleportation.
The fire elemental barely misses you. The fire elemental closely misses you.
It was a potion of invisibility.
You fade into invisibility!
The fire elemental hits you. The fire elemental burns you!
You die...

#. #. #. ###
#. #.. #. #.#
#. #.# ##.
#.####E##.?...
#.....@E°.#
######.####
#... #####


You could see 2 fire elementals.

Vanquished Creatures
  A hound (D:3)
  Crazy Yiuf (D:2)
  An adder (D:2)
  A gnoll (D:1)
  A worm (D:3)
  2 dart slugs (D:2)
  An orc (D:3)
  4 ball pythons
  5 endoplasms
  8 giant cockroaches
  4 goblins
  5 hobgoblins
  2 jackals (D:1)
  5 kobolds
  4 quokkas
  3 bats
  2 frilled lizards
50 creatures vanquished.

Vanquished Creatures (others)
  324 foxfires
324 creatures vanquished.

Grand Total: 374 creatures vanquished

Notes
Turn   | Place    | Note
-------+----------+-------------------------------------------
     0 | D:1      | Hubjo the Deep Elf Fire Elementalist began the quest for
                  | the Orb.
     0 | D:1      | Reached XP level 1. HP: 10/10 MP: 6/6
   148 | D:1      | Found a faded altar of an unknown god.
   230 | D:1      | Prayed at the altar of an unknown god.
   230 | D:1      | Became a worshipper of Ignis, the Dying Flame
   520 | D:1      | Reached XP level 2. HP: 16/16 MP: 4/8
   789 | D:1      | Reached skill level 1 in Fighting
  1042 | D:1      | Reached XP level 3. HP: 20/20 MP: 7/9
  2549 | D:2      | Found a shadowy altar of Dithmenos.
  2796 | D:2      | Found a runed translucent door.
  2797 | D:2      | Noticed Crazy Yiuf
  3016 | D:2      | Found Ryipruji's General Store.
  3470 | D:2      | Killed Crazy Yiuf
  3471 | D:2      | Reached XP level 4. HP: 20/26 MP: 11/11
  3654 | D:2      | Fell from the grace of Ignis
  3654 | D:2      | Became a worshipper of Dithmenos the Shadowed
  4133 | D:3      | You fall into a shaft and drop 3 floors!
  4134 | D:6      | Reached XP level 5. HP: 12/30 MP: 7/13
  4144 | D:6      | Learned a level 5 spell: Lightning Bolt
  4161 | D:6      | Noticed a fire elemental
  4161 | D:6      | Noticed a fire elemental
  4162 | D:6      | Identified a scroll of acquirement
  4162 | D:6      | Acquired 635 gold pieces
  4164 | D:6      | Mangled by a fire elemental

Illustrated notes

Levels and vault maps discovered:
D:1:      noname_arrival_rooms_in_the_neighbourhood, layout_basic,
          shapermc_ecumenical_altar_flowoftime, minivault_24, minivault_27,
          minmay_bisected
D:2:      layout_basic, serial_shops, shop, basic_altar, chequers_jeans,
          uniq_crazy_yiuf_cottage
D:3:      gammafunk_steamed_eel, layout_basic
D:6:      layout_loops_corners, uniq_grinder, uniq_maggie

Skill      XL: |  1  2  3  4 |
---------------+-------------+-----
Fighting       | 1 2 |  2.3
Stealth        | 3 |  3.7
Spellcasting   | 4 |  4.0
Fire Magic     | 4 |  4.0
Dodging        | |  2.4
Conjurations   | |  1.1

Action                   |  1- 3 |  4- 6 || total
-------------------------+-------+-------++-------
Melee: Unarmed           |     9 |       ||     9
       Long sword        |     2 |    12 ||    14
       Punch             |     1 |       ||     1
 Cast: Foxfire           |   162 |    27 ||   189
Invok: Foxfire Swarm     |     3 |       ||     3
       Fiery Armour      |     1 |       ||     1
  Use: Scroll            |       |     3 ||     3
       Potion            |       |     1 ||     1
Armor: Robe              |    10 |     9 ||    19
Dodge: Dodged            |    24 |    27 ||    51

Table legend: (Time is in decaauts)
 A = Elapsed time spent in this place.
 B = Non-inter-level travel time spent in this place.
 C = Inter-level travel time spent in this place.
 D = Time resting spent in this place.
 E = Time spent auto-exploring this place.
 F = Levels seen in this place.
 G = Mean time per level.
                   A        B        C        D        E       F      G
               +--------+--------+--------+--------+--------+-----+--------+
         Total |   4168 |   3942 |    226 |      0 |   3295 |   4 | 1042.0 |
       Dungeon |   4168 |   3942 |    226 |      0 |   3295 |   4 | 1042.0 |
               +--------+--------+--------+--------+--------+-----+--------+

Top non-repeatable levels by time:
     D:1: 1865 daAuts
     D:2: 1806 daAuts
     D:3: 466 daAuts
     D:6: 30 daAuts
